Map: Abyssal Reef LE

Players

Musumeci

  • Race: Zerg Zerg
  • League: Diamond
  • Spawn Location: 5:00

orakool - Winner!

  • Race: Terran Terran
  • League: Diamond
  • Spawn Location: 11:00

VOD

Have the link to the VOD?

Description

Time

  • Played on: March 15, 2017, 2:10 p.m.
  • Length: 15:12
Show
View Real Time Build Order
Export as new Build Order

Musumeci Zerg 

Build Orders: Hatch First 

Get SALT Encoding   

  12  0:02  Drone  
  13  0:08  Drone  
  14  0:17  Drone, Extractor  
  15  0:46  Extractor  
  15  0:49  Hatchery, Drone  
  15  1:06  Spawning Pool  
  14  1:11  Extractor  
  14  1:15  Drone  
  14  1:44  Overlord  
  14  2:00  Queen  
  16  2:01  Queen  
  16  2:03  Zergling x2  
  16  2:04  Zergling x4  
  21  2:17  Roach Warren  
  21  2:22  Drone  
  21  2:32  Drone x2  
  22  3:06  Roach x3  
  27  3:18  Roach x2  
  28  3:22  Spore Crawler  
  25  3:27  Roach  
  27  3:40  Ravager  
  28  3:45  Overlord  
  25  4:09  Drone  
  28  4:10  Drone x3  
  29  4:25  Queen, Drone x3  
  34  4:32  Drone  
  35  4:39  Drone  
  35  5:12  Drone  
  36  5:15  Overlord x2  
  36  5:19  Lair, Extractor  
  35  5:26  Hatchery  
  34  5:37  Drone  
  34  5:38  Drone x5  
  34  5:41  Roach  
  34  5:42  Roach  
  44  5:57  Overlord  
  44  5:58  Overlord  
  44  6:15  Drone x3  
  44  6:18  Extractor, Ravager x4  
  51  6:20  Extractor  
  49  6:30  Glial Reconstitution  
  49  6:39  Overseer  
  49  6:42  Drone  
  49  6:43  Drone x2  
  49  6:44  Drone x2  
  49  6:45  Drone  
  49  6:46  Overlord  
  55  6:48  Overlord  
  55  6:53  Queen  
  57  6:55  Drone x2  
  57  7:28  Drone x4  
  57  7:29  Drone x7  
  68  7:40  Drone  
  71  7:44  Roach x3  
  71  7:46  Ravager x3  
  78  7:53  Spore Crawler  
  78  7:54  Spore Crawler  
  78  7:56  Spore Crawler  
  77  7:58  Roach  
  77  7:59  Roach  
  76  8:27  Drone  
  76  8:28  Drone x4  
  76  8:29  Drone  
  82  8:34  Overlord x2, Spire  
  82  8:37  Drone, Extractor  
  82  8:38  Drone  
  82  8:45  Drone, Extractor  
  82  9:09  Roach x8  
  98  9:14  Overlord  
  98  9:15  Overlord  
  98  9:40  Roach x8  
  98  9:44  Overlord  
  98  9:45  Overlord  
  107  10:21  Ravager  
  107  10:22  Ravager x14  
  122  10:45  Overlord x4  
  89  11:14  Roach  
  89  11:15  Roach x14  
  86  11:31  Drone  
  86  11:32  Drone x6  
  93  11:36  Drone x2  
  95  11:42  Ravager x4  
  95  11:43  Ravager  
  100  11:50  Evolution Chamber  
  99  11:55  Drone x3  
  102  12:02  Evolution Chamber  
  102  12:05  Ravager  
  102  12:06  Ravager x8  
  110  12:21  Roach x5  
  109  12:37  Roach x6  
  88  12:56  Zerg Ground Armor Level 1, Zerg Missile Weapons Level 1  
  88  12:59  Ravager x11  
  88  13:01  Roach x2  
  103  13:08  Drone x5  
  108  13:34  Roach x10  
  128  13:59  Roach x11  
  117  14:16  Ravager  
  117  14:17  Ravager x5  
  123  14:19  Ravager  
  123  14:20  Ravager  
  123  14:21  Ravager  
  123  14:22  Roach x4  
  92  14:47  Roach x14  
Show
View Real Time Build Order
Export as new Build Order

orakool Terran - Winner!

Build Orders:  

Get SALT Encoding   

  12  0:02  SCV  
  13  0:14  SCV  
  13  0:17  Supply Depot  
  14  0:32  Refinery  
  14  0:41  Barracks  
  14  0:53  Barracks  
  14  0:55  SCV  
  15  1:08  SCV  
  16  1:20  SCV  
  17  1:29  Reaper  
  18  1:40  Barracks  
  18  1:41  Reaper  
  18  1:42  Refinery  
  18  1:43  SCV  
  20  1:56  Orbital Command  
  20  2:01  Reaper  
  21  2:12  Supply Depot  
  21  2:14  Reaper  
  23  2:22  SCV  
  23  2:33  Reaper  
  24  2:46  Reaper  
  24  2:47  SCV  
  24  2:50  Factory  
  26  3:06  Reaper  
  27  3:24  SCV  
  28  3:27  Command Center  
  28  3:33  Supply Depot  
  28  3:34  Engineering Bay  
  27  3:41  Barracks Tech Lab  
  27  3:43  Marine x2  
  28  4:04  Marine x2  
  28  4:08  SCV  
  30  4:10  Factory Tech Lab  
  30  4:15  Starport  
  30  4:20  SCV  
  30  4:26  Supply Depot  
  30  4:31  Bunker  
  30  4:37  Cyclone  
  33  4:40  SCV  
  32  5:00  Starport Tech Lab  
  32  5:05  Orbital Command  
  32  5:06  Fusion Core  
  31  5:11  Siege Tank  
  31  5:14  Liberator, SCV  
  35  5:35  Orbital Command  
  38  5:40  Marine x3  
  41  5:48  Widow Mine  
  43  5:57  Engineering Bay  
  43  6:12  SCV  
  43  6:14  Liberator  
  43  6:15  SCV  
  45  6:23  Refinery  
  45  6:24  SCV  
  46  6:27  Advanced Ballistics  
  46  6:28  SCV  
  50  6:34  Barracks  
  50  6:36  Supply Depot  
  50  6:37  SCV  
  51  6:40  SCV  
  51  6:44  Bunker  
  52  6:50  SCV  
  52  6:52  SCV  
  57  6:54  Siege Tank  
  57  6:58  Missile Turret  
  57  7:02  SCV  
  57  7:04  SCV  
  59  7:14  SCV  
  60  7:16  SCV  
  58  7:25  Raven  
  58  7:26  SCV  
  61  7:30  Supply Depot  
  61  7:31  Supply Depot  
  61  7:35  Command Center  
  61  7:38  Terran Infantry Weapons Level 1  
  61  7:43  Refinery  
  61  7:47  Marauder, Marine x2  
  61  7:50  Barracks Tech Lab  
  61  7:51  Liberator  
  65  7:53  SCV  
  66  8:05  Marine  
  67  8:06  SCV x2  
  67  8:09  Marauder  
  74  8:18  SCV  
  75  8:21  SCV  
  73  8:30  SCV  
  73  8:34  SCV  
  75  8:36  Terran Infantry Armor Level 1  
  75  8:42  SCV  
  75  8:43  Marauder, Armory, Marine x3  
  75  8:46  SCV  
  82  8:54  SCV  
  83  8:57  Liberator  
  83  9:00  Marine  
  83  9:01  SCV  
  86  9:18  Marauder, Marine, Combat Shields  
  86  9:20  Factory  
  86  9:21  Stimpack  
  86  9:22  Starport  
  89  9:37  Terran Infantry Weapons Level 2  
  89  9:41  Refinery  
  89  9:44  Missile Turret  
  89  9:45  Refinery  
  89  9:55  SCV x2  
  89  9:56  Planetary Fortress  
  92  10:07  SCV x2  
  92  10:10  Liberator  
  93  10:17  Command Center  
  93  10:19  SCV x2  
  98  10:31  SCV x2  
  97  10:40  Terran Infantry Armor Level 2  
  97  10:41  Terran Vehicle And Ship Armor Level 1  
  97  10:42  Starport Reactor  
  97  10:43  SCV x2  
  97  10:45  Factory Tech Lab  
  97  10:47  Supply Depot  
  97  10:48  Supply Depot  
  99  10:50  Supply Depot  
  99  10:52  Siege Tank  
  99  10:55  SCV  
  100  10:57  Liberator  
  100  11:09  Liberator  
  87  11:20  Siege Tank  
  85  11:27  Marine x2  
  85  11:28  Marauder x2  
  85  11:30  SCV x3  
  97  11:38  Orbital Command  
  97  11:40  Liberator  
  97  11:42  SCV x2  
  97  11:45  Marine x2  
  101  11:49  Marauder, Marine, Medivac  
  101  11:50  SCV  
  107  11:56  Supply Depot  
  107  11:57  Supply Depot  
  110  12:09  Medivac  
  110  12:14  Siege Tank  
  110  12:15  Thor  
  121  12:18  Supply Depot  
  121  12:19  SCV  
  121  12:20  Supply Depot, Barracks Tech Lab  
  121  12:21  SCV x3  
  125  12:24  Supply Depot  
  125  12:25  Marine x2  
  125  12:26  Marauder, Supply Depot  
  129  12:31  SCV  
  127  12:43  SCV  
  117  12:53  Medivac x3  
  117  12:55  SCV  
  124  13:02  SCV  
  124  13:03  SCV x2  
  127  13:07  SCV  
  127  13:10  Refinery x2  
  127  13:12  Liberator  
  128  13:14  Cyclone x2  
  128  13:15  Marauder, Marine  
  128  13:18  Marine x2  
  128  13:19  SCV  
  140  13:22  Barracks x2  
  140  13:23  Barracks  
  140  13:30  Medivac  
  140  13:32  SCV  
  140  13:33  Marine  
  147  13:36  Marine  
  148  13:42  Marauder, Marine  
  148  13:43  Liberator x2  
  148  13:44  SCV  
  151  13:50  Marine  
  151  13:55  Liberator  
  152  13:56  SCV  
  149  14:12  Siege Tank  
  149  14:13  Marauder, Marine x2  
  149  14:16  Barracks, Marine  
  160  14:18  Marine  
  161  14:30  Marine x2  
  163  14:34  Marine x2  
Tags
 
Matchup
TvZ
Replay Pack
replay pack
Spawn Locations
Cross Positions
Add a new tag
Caveats
  • Supply blocks, unpowered buildings, or Contaminate may cause inaccurate times.
  • Supply counts are checked every 10 seconds.